Map: Galactic Process LE

Players

ShoWTimE - Winner!

  • Race: Protoss Protoss

uThermal

  • Race: Terran Terran
  • League: Diamond

Event: WCS Copa Intercontinental

VOD

https://youtu.be/-F2i0I00yNY

Description

Time

  • Played on: Sept. 11, 2016, 2:25 p.m.
  • Length: 12:09

All games in this series

Show
View Real Time Build Order
Export as new Build Order

ShoWTimE Protoss - Winner!

Build Orders: 1 Gate Expand, Blink Stalkers 

Get SALT Encoding   

  12  0:00  Probe (Chrono Boost)  
  13  0:11  Probe (Chrono Boost)  
  14  0:17  Pylon  
  14  0:22  Probe (Chrono Boost)  
  15  0:35  Probe (Chrono Boost)  
  16  0:36  Gateway  
  16  0:42  Assimilator  
  16  0:46  Probe (Chrono Boost)  
  17  0:56  Probe (Chrono Boost)  
  18  1:07  Probe (Chrono Boost)  
  19  1:17  Probe (Chrono Boost)  
  20  1:25  Nexus  
  20  1:34  Cybernetics Core  
  20  1:37  Probe (Chrono Boost)  
  21  1:42  Assimilator  
  21  1:47  Probe (Chrono Boost)  
  21  1:53  Pylon  
  22  1:58  Probe (Chrono Boost)  
  23  2:08  Adept  
  23  2:11  Warp Gate  
  23  2:13  Probe (Chrono Boost)  
  26  2:25  Probe (Chrono Boost)  
  26  2:26  Twilight Council  
  29  2:37  Adept  
  29  2:38  Mothership Core (Chrono Boost)  
  29  2:39  Probe (Chrono Boost)  
  33  2:51  Probe (Chrono Boost)  
  33  2:56  Probe (Chrono Boost)  
  34  3:03  Gateway  
  34  3:04  Gateway  
  34  3:05  Probe (Chrono Boost)  
  35  3:06  Probe (Chrono Boost)  
  35  3:08  Stalker  
  35  3:09  Blink  
  38  3:17  Probe (Chrono Boost)  
  38  3:19  Probe (Chrono Boost)  
  40  3:29  Probe (Chrono Boost)  
  40  3:31  Probe (Chrono Boost)  
  42  3:40  Robotics Facility  
  43  3:41  Probe (Chrono Boost)  
  43  3:43  Pylon  
  43  3:48  Assimilator, Probe (Chrono Boost)  
  44  3:53  Probe (Chrono Boost)  
  44  3:55  Pylon  
  45  3:59  Probe (Chrono Boost)  
  46  4:03  Pylon  
  46  4:05  Probe (Chrono Boost)  
  48  4:10  Probe (Chrono Boost)  
  48  4:15  Stalker x2  
  53  4:18  Probe (Chrono Boost)  
  53  4:21  Stalker  
  55  4:29  Probe (Chrono Boost)  
  55  4:30  Probe (Chrono Boost)  
  55  4:39  Probe (Chrono Boost)  
  55  4:44  Mothership Core (Chrono Boost), Stalker x3  
  64  4:50  Probe (Chrono Boost)  
  65  4:55  Pylon  
  65  5:00  Probe (Chrono Boost)  
  65  5:02  Observer  
  65  5:04  Probe (Chrono Boost)  
  67  5:09  Stalker  
  67  5:12  Pylon  
  69  5:16  Nexus  
  69  5:24  Stalker  
  69  5:26  Probe (Chrono Boost)  
  73  5:28  Probe (Chrono Boost)  
  69  5:37  Probe (Chrono Boost)  
  69  5:39  Stalker  
  69  5:56  Stalker x2  
  73  6:02  Stalker  
  75  6:06  Probe (Chrono Boost)  
  75  6:07  Probe (Chrono Boost)  
  77  6:16  Probe (Chrono Boost)  
  76  6:19  Probe (Chrono Boost)  
  76  6:27  Probe (Chrono Boost)  
  76  6:28  Probe (Chrono Boost)  
  78  6:35  Probe (Chrono Boost)  
  78  6:37  Resonating Glaives, Forge  
  80  6:40  Probe x2 (Chrono Boost)  
  80  6:45  Observer  
  83  6:47  Probe (Chrono Boost)  
  83  6:50  Probe (Chrono Boost)  
  83  6:51  Probe (Chrono Boost)  
  83  6:52  Sentry  
  87  6:54  Sentry  
  87  6:55  Sentry  
  87  6:58  Assimilator, Protoss Ground Weapons Level 1  
  87  6:59  Probe (Chrono Boost)  
  92  7:01  Probe (Chrono Boost)  
  92  7:02  Pylon  
  92  7:04  Probe (Chrono Boost)  
  92  7:06  Warp Prism  
  95  7:09  Pylon  
  95  7:13  Probe (Chrono Boost)  
  97  7:19  Probe (Chrono Boost)  
  99  7:23  Probe (Chrono Boost)  
  99  7:35  Pylon  
  99  7:38  Probe (Chrono Boost), Adept x3  
  99  7:39  Probe (Chrono Boost)  
  99  7:42  Gateway  
  106  7:44  Gateway  
  106  7:50  Gateway  
  105  7:53  Gateway  
  105  7:55  Gateway  
  105  8:04  Charge  
  105  8:08  Probe x2 (Chrono Boost)  
  107  8:13  Adept x3  
  107  8:16  Assimilator  
  107  8:18  Pylon  
  113  8:20  Assimilator, Dark Shrine  
  113  8:22  Probe x2 (Chrono Boost)  
  113  8:25  Pylon  
  115  8:29  Pylon  
  115  8:34  Nexus  
  115  8:43  Protoss Ground Armor Level 1  
  115  8:44  Adept x4  
  115  8:45  Pylon  
  123  8:50  Immortal  
  127  8:58  Forge  
  127  9:06  Stargate  
  127  9:07  Probe (Chrono Boost)  
  127  9:08  Probe x2 (Chrono Boost)  
  130  9:19  Probe (Chrono Boost)  
  130  9:20  Protoss Ground Weapons Level 2  
  131  9:28  Pylon, Probe (Chrono Boost)  
  131  9:29  Assimilator  
  132  9:33  Assimilator  
  132  9:35  Dark Templar x2  
  136  9:45  Immortal  
  134  9:57  Fleet Beacon  
  134  9:59  Zealot x5  
  144  10:00  Zealot  
  144  10:02  Stargate  
  144  10:04  Stargate, Probe x2 (Chrono Boost)  
  148  10:14  Probe (Chrono Boost)  
  150  10:15  Pylon, Probe (Chrono Boost)  
  150  10:21  Pylon  
  150  10:24  Immortal  
  154  10:33  Zealot x5  
  154  10:34  Zealot x3  
  166  10:37  Pylon, Tempest  
  166  10:43  Tempest  
  174  10:57  Tempest  
  178  11:11  Zealot x6  
  182  11:12  Zealot  
  182  11:15  Zealot  
  176  11:33  Zealot x4  
  176  11:36  Zealot x2  
  176  11:37  Zealot  
  150  11:40  Zealot  
  136  11:53  Templar Archives  
Show
View Real Time Build Order
Export as new Build Order

uThermal Terran 

Build Orders:  

Get SALT Encoding   

  12  0:01  SCV  
  13  0:13  SCV  
  14  0:18  Supply Depot  
  14  0:26  SCV  
  15  0:39  SCV  
  15  0:41  Barracks  
  16  0:45  Refinery  
  16  0:52  SCV  
  17  1:04  SCV  
  18  1:16  SCV  
  19  1:29  Orbital Command, Marine  
  20  1:42  Command Center  
  20  1:54  Factory  
  20  1:57  SCV  
  21  2:05  Barracks Reactor  
  21  2:09  SCV  
  21  2:11  Supply Depot  
  22  2:21  SCV  
  23  2:29  Refinery  
  23  2:33  SCV  
  24  2:41  Marine x2  
  24  2:42  Starport  
  26  2:45  SCV  
  26  2:50  Widow Mine  
  29  2:54  Orbital Command  
  29  2:58  SCV  
  30  2:59  Marine  
  30  3:01  Marine  
  32  3:10  SCV  
  33  3:17  Marine  
  33  3:19  Medivac, Widow Mine, Marine  
  37  3:23  SCV  
  40  3:28  Supply Depot  
  40  3:29  SCV  
  41  3:34  Marine  
  41  3:37  Marine  
  41  3:38  SCV  
  44  3:41  SCV  
  45  3:50  SCV  
  45  3:51  Supply Depot  
  45  3:53  Medivac, Widow Mine  
  50  3:57  Marine  
  50  3:59  Bunker, Marine  
  50  4:02  SCV  
  53  4:08  Engineering Bay  
  53  4:09  Liberator  
  53  4:10  SCV  
  53  4:14  SCV  
  55  4:21  Marine x2  
  55  4:22  SCV  
  55  4:23  Factory Tech Lab  
  60  4:35  SCV  
  60  4:40  SCV, Marine x2  
  60  4:41  Missile Turret  
  60  4:43  Missile Turret  
  62  4:47  Supply Depot  
  61  4:56  Siege Tank  
  61  4:58  SCV  
  62  5:01  Marine  
  62  5:07  SCV, Marine  
  61  5:16  Medivac  
  61  5:18  Marine  
  61  5:20  Supply Depot x2  
  64  5:25  Marine  
  65  5:31  Siege Tank  
  65  5:33  Orbital Command  
  59  5:51  SCV  
  60  6:01  SCV  
  60  6:03  SCV  
  62  6:11  Marine x2  
  64  6:13  SCV  
  64  6:15  SCV  
  58  6:25  SCV, Command Center  
  58  6:29  Siege Tank  
  58  6:30  Marine x2  
  62  6:33  Medivac  
  62  6:34  SCV  
  62  6:37  SCV  
  66  6:46  Barracks  
  66  6:47  Barracks, SCV  
  66  6:49  Supply Depot  
  66  6:52  Supply Depot, Marine x2  
  69  6:56  SCV  
  69  7:01  Refinery  
  70  7:02  Siege Tank, Refinery  
  70  7:04  Starport Reactor  
  70  7:05  SCV  
  74  7:10  Supply Depot  
  74  7:12  Terran Infantry Weapons Level 1  
  74  7:17  Barracks  
  74  7:18  Barracks, SCV  
  74  7:21  Marine x2  
  77  7:26  SCV  
  78  7:36  Barracks Tech Lab x2  
  78  7:37  Orbital Command  
  78  7:39  SCV x2, Marine x2  
  78  7:43  Medivac  
  84  7:48  Missile Turret  
  84  7:53  SCV, Supply Depot  
  84  7:56  Combat Shields  
  84  7:57  Marine, Stimpack  
  86  8:01  SCV  
  86  8:03  Marine  
  86  8:05  SCV  
  87  8:06  Barracks Reactor  
  87  8:07  Barracks Reactor  
  87  8:12  Orbital Command  
  83  8:16  SCV, Missile Turret  
  83  8:17  Marine  
  83  8:18  Missile Turret  
  85  8:21  Marine x2  
  87  8:27  SCV  
  87  8:28  Missile Turret  
  87  8:30  SCV  
  89  8:39  SCV  
  89  8:40  SCV  
  91  8:41  Marine x2  
  91  8:42  SCV, Marauder  
  91  8:45  Marine  
  97  8:49  Marine x3  
  97  8:51  SCV  
  97  8:53  Medivac  
  103  8:56  Medivac  
  103  8:57  Marine  
  103  9:00  Marine  
  103  9:01  Supply Depot  
  107  9:04  Siege Tank, Marine  
  107  9:08  Marine  
  107  9:09  Marauder  
  114  9:11  Marine  
  114  9:13  Marine  
  114  9:16  Marauder  
  116  9:18  Marine x2  
  116  9:23  Medivac, SCV  
  119  9:24  Supply Depot, Marine  
  119  9:26  Supply Depot  
  119  9:30  Marine x2, Marauder  
  126  9:34  Supply Depot x2  
  126  9:37  Viking  
  126  9:38  Siege Tank  
  126  9:41  Marine x2  
  126  9:42  Marauder  
  124  9:48  Missile Turret  
  124  9:51  Marine x2  
  124  9:52  Missile Turret  
  128  9:53  Marine  
  128  9:56  Marine  
  128  9:59  Marine x2, Terran Infantry Armor Level 1  
  132  10:05  Marine x2  
  132  10:07  Missile Turret x2  
  132  10:11  Siege Tank  
  135  10:14  Marine x2  
  135  10:16  Marine  
  135  10:19  Marine  
  139  10:21  Marine  
  139  10:23  Marauder  
  139  10:26  Marine, Marauder  
  144  10:32  Marine  
  144  10:36  Marine  
  144  10:37  Marine  
  144  10:40  Marine x2  
  148  10:44  Marauder  
  148  10:45  Marine  
  148  10:48  Siege Tank, Marauder  
  156  10:51  Marine  
  156  10:55  Marine  
  158  10:58  Supply Depot  
  158  10:59  Supply Depot  
  158  11:05  Marine  
  158  11:06  Marauder  
  158  11:09  Marauder  
  162  11:14  Marine  
  162  11:15  Marine x2  
  165  11:18  Supply Depot  
  165  11:20  Siege Tank, Supply Depot  
  168  11:27  Marauder  
  168  11:30  Marauder  
  136  11:41  Marine  
  104  11:47  Marine x2  
  104  11:48  Marine x3  
Tags
 
Add a new tag
Caveats
  • Supply blocks, unpowered buildings, or Contaminate may cause inaccurate times.
  • Supply counts are checked every 10 seconds.